 Dungeon Crawl Stone Soup version 0.30-a0-691-g754fce4c43 (webtiles) character file.

Game seed: 4791313504610209130

7449 M4edhros the Frost Mage (level 11, 0/60 HPs)
             Began as an Octopode Cinder Acolyte on Jan 19, 2023.
             Was a High Priest of Ignis.
             Succumbed to a water moccasin's poison
             ... on level 11 of the Dungeon.
             The game lasted 00:27:04 (4537 turns).

M4edhros the Frost Mage (Octopode Cinder Acolyte)   Turns: 4537, Time: 00:27:04

Health: 0/60       AC:  5    Str: 13    XL:     11   Next: 15%
Magic:  12/15      EV: 13    Int: 17    God:    Ignis [*****.]
Gold:   478        SH: 11    Dex: 12    Spells: 3/16 levels left

rFire   + . .      SeeInvis .    a - +0 spear (flame)
rCold   + + .      Faith    .    p - +0 kite shield
rNeg    . . .      Spirit   .    (helmet restricted)
rPois   +          Reflect  .    (no amulet)
rElec   +          Harm     .    e - +4 ring of protection
rCorr   +          Rampage  .    j - ring of ice
Will    .....                    (no ring)
Stlth   ++                       (no ring)
HPRegen 0.30/turn                (no ring)
MPRegen 0.14/turn                (no ring)
                                 (no ring)
                                 (no ring)

@: lethally poisoned (0 -> -4), resistant, on berserk cooldown, freezing walls,
slowed, very slow
A: almost no armour, amphibious, 8 rings, camouflage 1, gelatinous body 1,
(nimble swimmer 1), tentacles, frail 1, mutation resistance 1
a: Renounce Religion, Fiery Armour, Foxfire Swarm, Rising Flame


You were on level 11 of the Dungeon.
You worshipped Ignis.
Ignis was extremely pleased with you.
You visited 1 branch of the dungeon, and saw 11 of its levels.
You also visited: Bailey.

You collected 478 gold pieces.

Inventory:

Hand Weapons
 a - a +0 spear of flaming (weapon)
 h - a +0 spear
 t - a +0 halberd
Missiles
 l - 7 throwing nets (quivered)
 m - 4 silver javelins
 n - 24 poisoned darts
 o - 4 curare-tipped darts
Armour
 p - a +0 kite shield (worn)
Magical Staves
 v - a staff of cold
Jewellery
 e - a +4 ring of protection (left tentacle)
 j - a ring of ice (right tentacle)
 q - the amulet of Weigezo {Faith rElec Int+4}
   (You took it off a gnoll in a bailey)

   [amulet of faith]

   It allows you to gain divine favour quickly.
   Int:       It affects your intelligence (+4).
   rElec:     It insulates you from electricity.
Wands
 i - a wand of flame (3)
 r - a wand of roots (2)
 u - a wand of acid (4)
Scrolls
 c - 5 scrolls of teleportation
 g - a scroll of immolation
 s - 2 scrolls of torment
 x - a scroll of amnesia
Potions
 b - 2 potions of haste
 d - a potion of brilliance
 f - 2 potions of might
Miscellaneous
 w - a condenser vane
 y - a lightning rod (4/4)


   Skills:
 - Level 3.0 Fighting
 - Level 6.0 Polearms
 - Level 5.0 Dodging
 * Level 9.8 Shields
 - Level 3.0 Spellcasting
 + Level 1.5 Conjurations
 - Level 3.4 Fire Magic
 - Level 10.6 Ice Magic
 * Level 2.4 Air Magic


You had 3 spell levels left.
You knew the following spells:

 Your Spells              Type           Power      Damage    Failure   Level
a - Scorch                Fire           28%        2d6       14%         2
b - Freezing Cloud        Conj/Ice/Air   14%        6-21      83%         5
c - Frozen Ramparts       Ice            100%       1d16      1%          3
d - Hailstorm             Conj/Ice       34%        3d9       10%         3

Your spell library contained the following spells:

 Spells                   Type           Power      Damage    Failure   Level
 Freeze                   Ice            100%       1d10      1%          1
 Ensorcelled Hibernation  Hex/Ice        60%        N/A       7%          2
 Kindle Blastsparks       Fire/Tloc/Air  18%        2d11      47%         3
 Ignite Poison            Fire/Tmut/Pois 6%         N/A       58%         3
 Dazzling Flash           Conj/Hex       10%        N/A       65%         3
 Spider Form              Tmut/Pois      2%         N/A       75%         3
 Iskenderun's Mystic Bla  Conj/Tloc      5%         2d3       96%         4
 Anguish                  Hex/Necr       1%         N/A       98%         4
 Starburst                Conj/Fire      5%         6d4       100%        6


Dungeon Overview and Level Annotations

Branches:
Dungeon (11/15)            Temple (0/1) D:4          Bailey (visited)
   Lair: D:8-11         Orc: D:9-12

Altars:
Ashenzari
Cheibriados
Elyvilon
Gozag
Hepliaklqana
Makhleb
Ru
Trog
Uskayaw
Xom
The Shining One

Shops:
D:8 *

Portals:
Trove: D:10 (give +6 demon blade)

Annotations:
D:3 3 runed translucent doors, Kis's ghost, weakling FeEn; Sapher's ghost, weakling SpTm; chipmonk's ghost, amateur AtFi
D:9 Amaemon


Innate Abilities, Weirdness & Mutations

You cannot wear most types of armour.
You are amphibious.
You can wear up to eight rings at the same time.
Your skin changes colour to match your surroundings (Stealth+).
Your rubbery body absorbs attacks. (AC +1, EV +1)
((You are camouflaged when in or above water. (Stealth+)))
You have tentacles for arms and can constrict up to eight enemies at once.
You are frail. (-10% HP)
You are somewhat resistant to further mutation.


Message History

You are lethally poisoned!
The water moccasin poisons you!
You hit the water moccasin. You burn the water moccasin.
You kill the water moccasin!
* * * LOW HITPOINT WARNING * * *
You feel very sick.
It was a potion of resistance.
You feel protected.
* * * LOW HITPOINT WARNING * * *
You feel very sick.
Okay, then.
Unknown command.
Unknown command.
Okay, then.
Casting: Frozen Ramparts (safe; 1% risk of failure)
Confirm with . or Enter, or press ? or * to list all spells.
Okay, then.
Okay, then.
Okay, then.
Okay, then.
Okay, then.
* * * LOW HITPOINT WARNING * * *
You feel very sick.
* * * LOW HITPOINT WARNING * * *
You feel very sick.
A red film seems to cover your vision as you go berserk!
You feel yourself moving faster!
You feel mighty!
* * * LOW HITPOINT WARNING * * *
You feel sick.
You feel a strong urge to attack something.
* * * LOW HITPOINT WARNING * * *
You feel sick.
* * * LOW HITPOINT WARNING * * *
You feel sick.
You feel your anger nearly subside.
You are no longer berserk.
You are exhausted.
You feel yourself slow down.
* * * LOW HITPOINT WARNING * * *
You feel sick.
You die...

##.###..........#
.........#......#
##....#.........#
#.........####.##
#.#..>....# #.#
..........# #.#
##.....†.# #.#
#$.......####.#
#.@...........#
#.##.#†......#####
..............#
......###†##..#
##.##> #†##..# #..
.P #.# ..# ♣.P ...
.†# ..# .. ....
.... ..♣ ...P.


There were no monsters in sight!

Vanquished Creatures
  Pikel (D:7)
  2 kobold demonologists
  An unseen horror zombie (D:8)
  A komodo dragon (D:10)
  Prince Ribbit (D:7)
  4 yaks (D:9)
  4 wyverns
  Grum (Bailey)
  Menkaure (D:7)
  Edmund (D:6)
  An acid dragon (D:10)
  5 water moccasins (D:11)
  2 black bears
  2 ice beasts (D:7)
  An orc warrior (D:10)
  6 wolves
  A centaur (D:8)
  2 lemures (D:7)
  4 kobold brigands
  A bullfrog (D:7)
  7 gnoll sergeants (Bailey)
  A wyvern zombie (D:8)
  2 scorpions (D:5)
  5 wights (D:8)
  5 killer bees (D:9)
  2 howler monkeys (D:10)
  A centaur zombie (D:8)
  3 hounds
  7 gnoll boudas
  An orc priest (D:9)
  A jelly (D:5)
  3 iguanas
  5 orc wizards
  2 killer bee zombies (D:8)
  2 howler monkey zombies (D:8)
  7 adders
  23 gnolls
  2 white imps
  2 ufetubi
  A worm (D:5)
  A dart slug (D:2)
  27 orcs
  4 endoplasms
  A giant cockroach (D:1)
  3 hobgoblins (D:2)
  13 kobolds
  2 quokkas
  A ball python (D:2)
  2 bats
  A frilled lizard (D:2)
  A goblin (D:1)
180 creatures vanquished.

Vanquished Creatures (collateral kills)
  A wight (D:8)
1 creature vanquished.

Vanquished Creatures (others)
  A wight (D:8)
  12 plants
  2 withered plants (D:8)
15 creatures vanquished.

Grand Total: 196 creatures vanquished

Notes
Turn   | Place    | Note
-------+----------+-------------------------------------------
     0 | D:1      | M4edhros the Octopode Cinder Acolyte began the quest for
                  | the Orb.
     0 | D:1      | Reached XP level 1. HP: 16/16 MP: 2/2
    96 | D:2      | Reached XP level 2. HP: 10/21 MP: 3/3
   147 | D:2      | Reached skill level 1 in Dodging
   166 | D:2      | Found a faded altar of an unknown god.
   180 | D:2      | Reached XP level 3. HP: 26/26 MP: 3/5
   281 | D:3      | Found a runed translucent gate.
   288 | D:3      | Found a runed translucent gate.
   290 | D:3      | Found a runed translucent gate.
   292 | D:3      | Noticed Sapher's ghost (weakling SpTm)
   292 | D:3      | Noticed chipmonk's ghost (amateur AtFi)
   292 | D:3      | Noticed Kis's ghost (weakling FeEn)
   332 | D:4      | Reached XP level 4. HP: 31/31 MP: 6/6
   346 | D:4      | Learned a level 2 spell: Scorch
   350 | D:4      | Learned a level 3 spell: Spider Form
   366 | D:5      | Entered Level 5 of the Dungeon
   366 | D:5      | Noticed a scorpion
   374 | D:4      | Noticed a scorpion
   443 | D:4      | Found a staircase to the Ecumenical Temple.
   487 | D:5      | Found a hide-covered altar of Uskayaw.
   556 | D:5      | Noticed a scorpion
   563 | D:5      | Killed a scorpion
   564 | D:5      | Reached XP level 5. HP: 28/36 MP: 6/8
   604 | D:5      | Reached XP level 6. HP: 42/42 MP: 6/9
   652 | D:5      | Learned a level 3 spell: Frozen Ramparts
   674 | D:5      | Identified the +1 scale mail of the Lute {Stlth+}
   867 | D:6      | Reached skill level 1 in Ice Magic
   898 | D:6      | Learned a level 3 spell: Hailstorm
   918 | D:6      | Noticed a black bear
   990 | D:6      | Reached skill level 2 in Ice Magic
  1026 | D:6      | Noticed Edmund
  1034 | D:6      | Killed Edmund
  1035 | D:6      | Reached XP level 7. HP: 9/46 MP: 7/11
  1079 | D:5      | Found a hazy altar of Hepliaklqana.
  1080 | D:5      | Found a shimmering altar of Xom.
  1085 | D:5      | Reached skill level 5 in Polearms
  1085 | D:5      | Noticed a spectral ugly thing
  1160 | D:5      | Reached skill level 3 in Ice Magic
  1508 | D:8      | Reached skill level 4 in Ice Magic
  1542 | D:8      | Reached XP level 8. HP: 18/52 MP: 12/12
  1677 | D:8      | Found Zegolexe's Assorted Antiques.
  1717 | D:8      | Found an opulent altar of Gozag.
  1732 | D:8      | Reached skill level 1 in Shields
  1732 | D:8      | Reached skill level 5 in Ice Magic
  1851 | D:7      | Found a white marble altar of Elyvilon.
  1886 | D:7      | Noticed Menkaure
  1892 | D:7      | Killed Menkaure
  1893 | D:7      | Reached skill level 5 in Dodging
  1924 | D:7      | Gained mutation: You have a pair of small antennae on your
                  | head. [potion of mutation]
  1925 | D:7      | Lost mutation: You have a pair of small antennae on your
                  | head. [potion of mutation]
  1925 | D:7      | Gained mutation: You are frail. (-10% HP) [potion of
                  | mutation]
  1925 | D:7      | Gained mutation: You are somewhat resistant to further
                  | mutation. [potion of mutation]
  1958 | D:8      | Reached skill level 6 in Ice Magic
  1958 | D:8      | Reached XP level 9. HP: 27/50 MP: 9/13
  2033 | D:7      | Noticed Prince Ribbit
  2076 | D:7      | Killed Prince Ribbit
  2087 | D:7      | Noticed Pikel
  2118 | D:7      | Killed Pikel
  2119 | D:7      | Reached skill level 5 in Shields
  2119 | D:7      | Reached skill level 7 in Ice Magic
  2333 | D:10     | Entered Level 10 of the Dungeon
  2333 | D:10     | Found a snail-covered altar of Cheibriados.
  2333 | D:10     | Found a flagged portal.
  2406 | D:10     | Found a portal to a secret trove of treasure.
  2415 | D:10     | Noticed a kobold demonologist
  2417 | D:10     | Noticed a soul eater
  2422 | D:10     | Killed a kobold demonologist
  2423 | D:10     | Reached skill level 8 in Ice Magic
  2445 | D:10     | Found a burning altar of Makhleb.
  2675 | D:10     | Reached XP level 10. HP: 53/56 MP: 14/14
  2696 | D:10     | Found a broken altar of Ashenzari.
  2847 | Bailey   | Entered a bailey
  3019 | Bailey   | Reached skill level 9 in Ice Magic
  3116 | Bailey   | HP: 2/56 [wolf (6)]
  3355 | Bailey   | Noticed Grum
  3356 | Bailey   | Identified the amulet of Weigezo {Faith rElec Int+4}
  3393 | Bailey   | Killed Grum
  3777 | D:9      | Reached skill level 10 in Ice Magic
  3792 | D:9      | Found a sacrificial altar of Ru.
  4015 | D:9      | Noticed a kobold demonologist
  4022 | D:9      | Killed a kobold demonologist
  4096 | D:9      | Reached XP level 11. HP: 20/60 MP: 9/15
  4111 | D:9      | Noticed Amaemon
  4241 | D:10     | Found a bloodstained altar of Trog.
  4260 | D:10     | Found a glowing golden altar of the Shining One.
  4403 | D:10     | Learned a level 5 spell: Freezing Cloud
  4510 | D:11     | Reached skill level 1 in Air Magic
  4517 | D:11     | Reached skill level 1 in Conjurations
  4534 | D:11     | HP: 4/90 [poisoned by a water moccasin]
  4536 | D:11     | HP: 1/60 [poisoned by a water moccasin]
  4537 | D:11     | Succumbed to a water moccasin's poison

Illustrated notes

Levels and vault maps discovered:
D:1:      ncdulo_lavacross, layout_rooms, minivault_11, grunt_decor_junction
D:2:      layout_rooms, ebering_ecumenical_altar_petrified, nicolae_half_adder
D:3:      layout_rooms, gammafunk_ghost_cemetery, st_stairs_6,
          nicolae_hexahallways, nicolae_concentric_dashed_squares_wild,
          grunt_ministairs_3, kennysheep_big_empty_room
D:4:      layout_basic, minmay_temple_entry_drinking_statues,
          gammafunk_ghost_smash
D:5:      layout_basic, regret_index_temple_of_mockery,
          nicolae_uskayaw_dance_hall
D:6:      layout_loops_ring, uniq_edmund
D:7:      layout_basic, gammafunk_temple_overflow_forgotten, lemuel_round_altar,
          uniq_prince_ribbit1, uniq_menkaure, uniq_pikel
D:8:      layout_rooms, mainiacjoe_overflow_small_starburst, serial_shops,
          nicolae_shop_trees, serial_undead, serial_undead_e, serial_undead_e,
          serial_undead_f, serial_undead_e, hangedman_decor_points,
          kennysheep_pointless_box
D:9:      layout_roguey, mainiacjoe_overflow_chevrons, orc_0_dummy,
          serial_shops, shop_statue, uniq_amaemon
D:10:     nicolae_cairo_tiling, layout_cave_pools, nicolae_ashenzari_panopticon,
          lightli_temple_of_fire, bloody_makhleb,
          mainiacjoe_overflow_catch_the_wave, enter_trove_0, enter_bailey_2
D:11:     layout_rooms, minmay_lair_entry_grove, ebering_ghost_xom

Skill      XL: |  1  2  3  4  5  6  7  8  9 10 11 |
---------------+----------------------------------+-----
Dodging        | 1 2 3 4 5 |  5.0
Polearms       | 4 5 6 |  6.0
Spellcasting   | 2 3 |  3.0
Ice Magic      | 2 4 6 8 10 | 10.6
Shields        | 3 6 9 |  9.8
Air Magic      | 2 |  2.4
Conjurations   | 1 |  1.5
Fighting       | |  3.0
Fire Magic     | |  3.4

Action                   |  1- 3 |  4- 6 |  7- 9 | 10-12 || total
-------------------------+-------+-------+-------+-------++-------
Melee: Spear             |    61 |   101 |   215 |   177 ||   554
       Constrict         |    13 |    22 |    36 |    29 ||   100
       Tentacles         |     9 |    25 |    49 |    50 ||   133
       Punch             |     1 |     1 |     2 |     1 ||     5
 Cast: Scorch            |       |     1 |     6 |       ||     7
       Frozen Ramparts   |       |     2 |     8 |    25 ||    35
       Hailstorm         |       |       |       |     6 ||     6
Evoke: Wand              |       |    15 |    25 |     3 ||    43
  Use: Scroll            |       |       |    14 |     2 ||    16
       Potion            |       |       |     2 |     3 ||     5
 Stab: Sleeping          |     1 |     2 |     2 |     1 ||     6
Armor: Skin              |    12 |    16 |    40 |    22 ||    90
Dodge: Dodged            |    24 |    57 |   106 |    65 ||   252
Block: Kite shield       |       |       |    62 |    80 ||   142

Table legend: (Time is in decaauts)
 A = Elapsed time spent in this place.
 B = Non-inter-level travel time spent in this place.
 C = Inter-level travel time spent in this place.
 D = Time resting spent in this place.
 E = Time spent auto-exploring this place.
 F = Levels seen in this place.
 G = Mean time per level.
                   A        B        C        D        E       F      G
               +--------+--------+--------+--------+--------+-----+--------+
         Total |   4488 |   4317 |    171 |    159 |    694 |  12 |  374.0 |
       Dungeon |   3676 |   3505 |    171 |      0 |    694 |  11 |  334.2 |
        Bailey |    811 |    811 |      0 |    159 |      0 |   1 |  811.0 |
               +--------+--------+--------+--------+--------+-----+--------+

Top non-repeatable levels by time:
    D:10: 840 daAuts
  Bailey: 811 daAuts
     D:6: 531 daAuts
     D:7: 490 daAuts
     D:8: 478 daAuts
     D:9: 432 daAuts
     D:5: 315 daAuts
     D:2: 192 daAuts
     D:4: 155 daAuts
    D:11: 115 daAuts
     D:1: 83 daAuts
     D:3: 42 daAuts
